 Dungeon Crawl Stone Soup version 0.21.1-72-gffa868e (webtiles) character file.

833 taaruk the Poker (level 7, -2/61 HPs)
             Began as a Minotaur Berserker on Aug 6, 2018.
             Was a Priest of Trog.
             Slain by a gnoll sergeant
             ... wielding a +2 trident of distortion
              (8 damage)
             ... on level 5 of the Dungeon.
             The game lasted 00:23:38 (3595 turns).

taaruk the Poker (Minotaur Berserker)               Turns: 3595, Time: 00:23:41

Health: -2/61      AC:  7    Str: 23    XL:     7   Next: 66%
Magic:  6/6        EV: 12    Int:  4    God:    Trog [***...]
Gold:   189        SH:  0    Dex: 10    Spells: 6/6 levels left

rFire    x . .     SeeInvis .   C - +2 mace (drain)
rCold    + . .     Gourm    .   (no shield)
rNeg     + . .     Faith    .   n - +0 ring mail
rPois    .         Spirit   .   (helmet restricted)
rElec    .         Reflect  .   B - +0 cloak (curse)
rCorr    .         Harm     .   (no gloves)
MR       ++...                  (no boots)
Stlth    +.........             (no amulet)
HPRegen  1.20/turn              k - ring of ice
MPRegen  0.10/turn              w - ring of positive energy

@: regenerating
A: retaliatory headbutt, horns 2
a: Berserk, Trog's Hand, Burn Spellbooks, Renounce Religion


You were on level 5 of the Dungeon.
You worshipped Trog.
Trog was most pleased with you.
You were not hungry.

You visited 1 branch of the dungeon, and saw 5 of its levels.

You collected 189 gold pieces.

Inventory:

Hand Weapons
 a - a +1 spear
 t - the cursed +1 whip "Trog's Scorn" {elec, Int+4, unknown}
   (You found it on level 4 of the Dungeon)

   Occasionally, upon striking a foe, it will discharge some electrical energy
   and cause terrible harm.
   It affects your intelligence (+4).
   It has a curse placed upon it.
 v - a +0 morningstar
 A - a +4 quarterstaff of chaos
 C - a +2 mace of draining (weapon)
 H - a +0 flail
 L - a +1 short sword of protection
Missiles
 b - 23 bolts
 e - 6 javelins
 h - 4 tomahawks (quivered)
 o - 6 exploding tomahawks
 p - 20 poisoned needles
 s - a throwing net
Armour
 n - a +0 ring mail (worn)
 B - a cursed +0 cloak (worn)
Jewellery
 k - a ring of ice (left hand)
 m - an uncursed ring of see invisible
 w - a ring of positive energy (right hand)
Wands
 D - a wand of acid (21)
 F - a wand of random effects (14)
Scrolls
 i - 2 scrolls of identify
 l - a scroll of remove curse
 q - a scroll of amnesia
 u - a scroll of immolation
 x - a scroll of teleportation {unknown}
 y - a scroll of random uselessness {unknown}
 E - a scroll of magic mapping {unknown}
 I - 3 scrolls of enchant armour
Potions
 d - a potion of brilliance {unknown}
 g - 3 potions of berserk rage {unknown}
 j - a potion of lignification {unknown}
 r - a potion of might {unknown}
 z - a potion of flight {unknown}
 G - a potion of agility {unknown}
 J - a potion of curing {unknown}
Comestibles
 c - 6 rations
 K - 2 chunks of flesh


   Skills:
 + Level 5.6 Fighting
 + Level 2.0 Maces & Flails
 + Level 7.2 Polearms
 + Level 5.6 Armour
 + Level 3.9 Dodging
 + Level 1.1 Stealth


You had 6 spell levels left.
You didn't know any spells.

Dungeon Overview and Level Annotations

Branches:
Dungeon (5/15)
 Temple: D:4-7

Altars:
Cheibriados
Dithmenos
Elyvilon
Kikubaaqudgha

Annotations:
D:5 lux767's ghost, novice DrCj


Innate Abilities, Weirdness & Mutations

You reflexively headbutt those who attack you in melee.
You have a pair of horns on your head.


Message History

The gnoll closely misses you. You furiously retaliate!
You headbutt the gnoll!
You kill the gnoll!
Trog accepts your kill.
You sock the centaur! You drain the centaur!
The centaur is heavily wounded.
The centaur unwields an uncursed shortbow.
The centaur hits you.
The gnoll sergeant hits you from afar with a trident of distortion.
Space bends around you.
* * * LOW HITPOINT WARNING * * *
The centaur hits you.
* * * LOW HITPOINT WARNING * * *
Your skin crawls.
You feel resistant to hostile enchantments.
You feel somewhat more hungry. The centaur hits you.
* * * LOW HITPOINT WARNING * * *
The gnoll sergeant hits you from afar with a trident of distortion.
* * * LOW HITPOINT WARNING * * *
Space warps horribly around you!
You die...

#############
.....(......#
............#
..........<.#
.......@....#
###..##c#####
#. #gg# +.
.g... #
......g.
..........#
...........#
#+##...##..##
#...# ..#


You could see a gnoll sergeant, a centaur and 2 gnolls.

Vanquished Creatures
  Duvessa (D:4)
  3 scorpions (D:4)
  Dowan (D:4)
  A howler monkey (D:4)
  A quasit (D:4)
  An orc priest (D:3)
  Crazy Yiuf (D:3)
  3 hounds
  A centaur skeleton (D:4)
  Terence (D:3)
  2 orc wizards (D:4)
  2 worker ants (D:4)
  A gnoll (D:5)
  6 adders
  7 worms
  2 dart slugs
  5 leopard geckos
  11 orcs
  2 ball pythons (D:1)
  5 bats
  3 giant cockroaches
  6 goblins
  6 hobgoblins
  2 jackals (D:1)
  6 kobolds
  A quokka (D:3)
  A frilled lizard (D:3)
  8 rats
90 creatures vanquished.

Notes
Turn   | Place    | Note
-------+----------+-------------------------------------------
     0 | D:1      | taaruk the Minotaur Berserker began the quest for the Orb.
     0 | D:1      | Reached XP level 1. HP: 19/19 MP: 0/0
   200 | D:1      | Reached skill level 4 in Polearms
   200 | D:1      | Reached XP level 2. HP: 24/27 MP: 1/1
   978 | D:2      | Reached XP level 3. HP: 16/33 MP: 2/2
  1099 | D:2      | Reached ** piety under Trog
  1202 | D:2      | Reached XP level 4. HP: 31/41 MP: 3/3
  1275 | D:2      | Found an ancient bone altar of Kikubaaqudgha.
  1687 | D:3      | Found a snail-covered altar of Cheibriados.
  1689 | D:3      | Found a shadowy altar of Dithmenos.
  1690 | D:3      | Noticed Terence
  1693 | D:3      | Reached skill level 5 in Polearms
  1698 | D:3      | Killed Terence
  1917 | D:3      | Reached XP level 5. HP: 37/47 MP: 4/4
  2104 | D:3      | Found a runed door.
  2107 | D:3      | Noticed Crazy Yiuf
  2110 | D:3      | Killed Crazy Yiuf
  2448 | D:4      | Reached skill level 5 in Fighting
  2448 | D:4      | Reached skill level 6 in Polearms
  2448 | D:4      | Reached XP level 6. HP: 56/56 MP: 5/5
  2586 | D:4      | Found a white marble altar of Elyvilon.
  2835 | D:4      | Got an ivory whip
  3012 | D:4      | Reached *** piety under Trog
  3016 | D:4      | Reached skill level 1 in Stealth
  3081 | D:4      | Reached skill level 7 in Polearms
  3081 | D:4      | Reached XP level 7. HP: 50/61 MP: 6/6
  3084 | D:4      | Reached skill level 5 in Armour
  3227 | D:4      | Reached skill level 1 in Maces & Flails
  3429 | D:5      | Entered Level 5 of the Dungeon
  3434 | D:5      | Noticed Duvessa
  3436 | D:5      | Noticed Dowan
  3436 | D:5      | Noticed lux767's ghost (novice DrCj)
  3448 | D:4      | Killed Dowan
  3455 | D:4      | Killed Duvessa
  3595 | D:5      | Slain by a gnoll sergeant

Skill      XL: |  1  2  3  4  5  6  7 |
---------------+----------------------+-----
Polearms       | 4 5 6 7 |  7.2
Fighting       | 4 5 |  5.6
Armour         | 3 4 5 |  5.6
Dodging        | 3 |  3.9
Stealth        | 1 |  1.1
Maces & Flails | 2 |  2.0

Action                   |  1- 3 |  4- 6 |  7- 9 || total
-------------------------+-------+-------+-------++-------
Melee: Spear             |    75 |   118 |       ||   193
       Headbutt          |    12 |    24 |     6 ||    42
       Mace              |       |    17 |    30 ||    47
Invok: Berserk           |     1 |     2 |       ||     3
       Trog's Hand       |       |       |     2 ||     2
  Use: Scroll            |       |     4 |     4 ||     8
  Eat: Ration            |     1 |       |     1 ||     2
       Chunk             |       |     6 |     2 ||     8
Armor: Animal skin       |    11 |       |       ||    11
       Ring mail         |    12 |    45 |    29 ||    86
Dodge: Dodged            |    59 |    93 |    35 ||   187
